 Dungeon Crawl Stone Soup version 0.20.0-10-g0535bb4 (webtiles) character file.

56 tilp the Firebug (level 3, 0/26 HPs)
             Began as a Hill Orc Fire Elementalist on June 4, 2017.
             Succumbed to an adder's poison
             ... on level 2 of the Dungeon.
             The game lasted 00:03:55 (1620 turns).

tilp the Firebug (Hill Orc Fire Elementalist)       Turns: 1620, Time: 00:03:55

Health: 0/26       AC:  3    Str: 10    XL:     3   Next: 95%
Magic:  1/6        EV: 12    Int: 16    God:
Gold:   77         SH:  0    Dex: 11    Spells: 0/6 levels left

rFire    . . .     SeeInvis .   k - +0 hand axe
rCold    . . .     Gourm    .   (no shield)
rNeg     . . .     Faith    .   a - +0 robe
rPois    .         Spirit   .   m - +0 helmet
rElec    .         Reflect  .   (no cloak)
rCorr    .         Harm     .   (no gloves)
MR       .....                  (no boots)
Stlth    ++........             (no amulet)
Regen    0.1/turn               (no ring)
MPRegen  0.1/turn               (no ring)

@: lethally poisoned (0 -> -12), berserk cooldown, slowed, very slow
A: no striking features
a: no special abilities


You were on level 2 of the Dungeon.
You were not hungry.

You visited 1 branch of the dungeon, and saw 2 of its levels.

You collected 77 gold pieces.

Inventory:

Hand Weapons
 k - a +0 hand axe (weapon)
Missiles
 p - 8 tomahawks (quivered)
Armour
 a - a +0 robe (worn)
 m - a +0 helmet (worn)
Jewellery
 e - an uncursed amulet of faith {unknown}
 h - a +4 ring of protection {unknown}
 r - a +5 ring of intelligence {unknown}
 u - an uncursed ring of resist corrosion {unknown}
Scrolls
 d - a scroll of enchant weapon {unknown}
 l - a scroll of remove curse {unknown}
 o - 2 scrolls of identify {unknown}
Potions
 j - a potion of magic {unknown}
 n - a potion of invisibility {unknown}
 q - a potion of heal wounds {unknown}
 t - a potion of degeneration {unknown}
Books
 b - a book of Flames

   Spells                             Type                      Level
   a - Flame Tongue                   Conjuration/Fire             1
   b - Throw Flame                    Conjuration/Fire             2
   c - Conjure Flame                  Conjuration/Fire             3
   d - Inner Flame                    Hexes/Fire                   3
   e - Sticky Flame                   Conjuration/Fire             4
   f - Fireball                       Conjuration/Fire             5
Comestibles
 c - a bread ration
 f - 2 meat rations
 s - 4 chunks of flesh


   Skills:
 + Level 2.0 Axes
 - Level 1.5 Dodging
 - Level 1.5 Stealth
 * Level 2.2 Spellcasting
 - Level 1.0 Conjurations
 + Level 4.1 Fire Magic


You couldn't memorise any spells.
You knew the following spells:

 Your Spells              Type           Power        Failure   Level  Hunger
a - Flame Tongue          Conj/Fire      ##...        7%          1    #......
b - Throw Flame           Conj/Fire      ##....       11%         2    ###....
c - Conjure Flame         Conj/Fire      ##......     22%         3    ###....


Dungeon Overview and Level Annotations

Branches:
Dungeon (2/15)

Altars:

Annotations:
D:2 1 runed door, Terence


Message History

* * * LOW HITPOINT WARNING * * *
You feel sick.
You see here 2 chunks of flesh.
It was a potion of cancellation.
You feel magically purged.
Your magical contamination has completely faded away.
* * * LOW HITPOINT WARNING * * *
You feel sick.
It was a potion of berserk rage.
A red film seems to cover your vision as you go berserk!
You feel yourself moving faster!
You feel mighty!
* * * LOW HITPOINT WARNING * * *
You feel sick.
You are too berserk!
You feel a strong urge to attack something.
* * * LOW HITPOINT WARNING * * *
You feel sick.
You feel your anger subside.
You are no longer berserk.
You are exhausted.
You feel yourself slow down.
You die...

## ..# #?#
#.# #.# #.#
#.# #.# #@#
#.# #.# #.#
#.#######.##
#........#.##
#......###.#
#.####).#.##
#.#.##


There were no monsters in sight!

Vanquished Creatures
  2 adders (D:2)
  An ooze (D:1)
  A dart slug (D:1)
  2 leopard geckos (D:1)
  4 bats (D:1)
  A goblin (D:1)
  4 hobgoblins
  4 jackals (D:2)
  2 quokkas
  3 frilled lizards
  A kobold (D:1)
  5 rats (D:1)
30 creatures vanquished.

Notes
Turn   | Place    | Note
-------+----------+-------------------------------------------
     0 | D:1      | tilp the Hill Orc Fire Elementalist began the quest for the Orb.
     0 | D:1      | Reached XP level 1. HP: 14/14 MP: 3/3
   282 | D:1      | Reached XP level 2. HP: 14/20 MP: 4/4
   287 | D:1      | Learned a level 2 spell: Throw Flame
   857 | D:1      | Reached XP level 3. HP: 26/26 MP: 6/6
   862 | D:1      | Learned a level 3 spell: Conjure Flame
  1048 | D:2      | Noticed Terence
  1058 | D:1      | Reached skill level 1 in Axes
  1165 | D:2      | Reached skill level 4 in Fire Magic
  1267 | D:2      | Found a runed door.
  1618 | D:2      | HP: 1/39 [poisoned by an adder]
  1620 | D:2      | Succumbed to an adder's poison

Skill      XL: |  1  2  3 |
---------------+----------+-----
Spellcasting   | 2 |  2.2
Axes           | 2 |  2.0
Fire Magic     | 4 |  4.1
Dodging        | |  1.5
Stealth        | |  1.5
Conjurations   | |  1.0

Action                   || total
-------------------------++-------
Melee: Hand axe          ||   109
 Cast: Flame Tongue      ||     8
       Throw Flame       ||     5
  Use: Potion            ||     2
 Stab: Sleeping          ||     3
  Eat: Chunk             ||     3
Armor: Robe              ||    28
Dodge: Dodged            ||   102
